 Dungeon Sprint DCSS version 0.19.0-19-g8c6edcc (webtiles) character file.

175 poirepourri the Quickloader (level 5, -6/42 HPs)
             Began as a Formicid Hunter on Nov 15, 2016.
             Mangled by a human (14 damage)
             ... in the Dungeon (Sprint III: "The Ten Rune Challenge").
             The game lasted 00:01:33 (429 turns).

poirepourri the Quickloader (Formicid Hunter)        Turns: 429, Time: 00:01:33

Health: -6/42      AC:  3    Str: 16    XL:     5   Next: 86%
Magic:  5/5        EV: 12    Int: 11    God:
Gold:   27         SH:  0    Dex: 12    Spells: 0 memorised, 4 levels left

rFire  . . .     SeeInvis +     a - +1 hand crossbow
rCold  . . .     Gourm    .     c - +0 leather armour
rNeg   . . .     Faith    .     (no shield)
rPois  .         Spirit   .     (helmet unavailable)
rElec  .         Reflect  .     (no cloak)
rCorr  .         Harm     .     (no gloves)
MR     .....                    (no boots)
Stlth  +.........               (no amulet)
                                (no ring)
                                (no ring)

@: no status effects
A: permanent stasis, dig shafts and tunnels, four strong arms, antennae 3
a: Dig


You were in the Dungeon.
You were not hungry.

You visited 1 branch You collected 27 gold pieces.

Inventory:

Hand Weapons
 a - a +1 hand crossbow (weapon)
 b - a +0 short sword
Missiles
 d - 26 bolts (quivered)
Armour
 c - a +0 leather armour (worn)
Scrolls
 k - a scroll of blinking
 l - 2 scrolls of immolation {unknown}
 n - 4 scrolls of identify
 o - 2 scrolls of remove curse
 s - a scroll of torment {unknown}
Potions
 e - a potion of curing
 h - a potion of haste
 i - 3 potions of magic
 j - a potion of berserk rage
 m - 2 potions of mutation {unknown}
 q - 4 potions of cure mutation
 r - a potion of flight {unknown}
Books
 t - a book of Air

   Spells                             Type                      Level
   a - Shock                          Conjuration/Air              1
   b - Swiftness                      Charms/Air                   2
   c - Repel Missiles                 Charms/Air                   2
   d - Static Discharge               Conjuration/Air              3
   e - Lightning Bolt                 Conjuration/Air              5
 u - a book of Misfortune

   Spells                             Type                      Level
   a - Confusing Touch                Hexes                        1
   b - Confuse                        Hexes                        3
   c - Gell's Gravitas                Hexes/Translocation          3
   d - Petrify                        Transmutation/Earth          4
   e - Metabolic Englaciation         Hexes/Ice                    5
   f - Yara's Violent Unravelling     Hexes/Transmutation          5
Comestibles
 f - a bread ration
 p - 2 royal jellies


   Skills:
 + Level 3.8 Fighting
 + Level 10.6 Crossbows
 + Level 2.1 Armour
 + Level 2.8 Dodging
 + Level 1.2 Stealth


You had 4 spell levels left.
You didn't know any spells.

Dungeon Overview and Level Annotations

Branches:
Dungeon (1/1)

Altars:
Kikubaaqudgha
Okawaru
Sif Muna
Trog
Uskayaw
Vehumet
Beogh


Innate Abilities, Weirdness & Mutations

You are under a permanent stasis effect.
You can dig through walls and to a lower floor.
Your four strong arms can wield two-handed weapons with a shield.
You have a pair of large antennae on your head. (SInv)


Message History

You feel much better. The human hits you. The human hits you!
Firing (i - inventory):
d - 29 bolts (quivered)
Press: ? - help, Shift-Dir - straight line, f/p - human
Aim: a human (moderately wounded, unusually strong)
You shoot a bolt. The bolt hits the human.
The human is moderately wounded.
The human closely misses you. The human hits you! The human barely misses you.
Firing (i - inventory):
d - 28 bolts (quivered)
Press: ? - help, Shift-Dir - straight line, f/p - human
Aim: a human (moderately wounded, unusually strong)
You shoot a bolt. The bolt barely misses the human.
The human hits you but does no damage. The human hits you!
* * * LOW HITPOINT WARNING * * *
Firing (i - inventory):
d - 27 bolts (quivered)
Press: ? - help, Shift-Dir - straight line, f/p - human
Aim: a human (moderately wounded, unusually strong)
You shoot a bolt. The bolt closely misses the human.
The human hits you.
* * * LOW HITPOINT WARNING * * *
The human hits you!
You die...

▓▓▓▓▓▓▓▓▓ ▓▓▓ ..'...♣.♣♣
♣.# #### ..#....♣.♣ ♣♣.#
_p[# ###....♣.♣ ♣..#{ __)
{{
..#....≈.♣♣♣..###+#'###+##
..#...≈≈.♣..♣.#..p.......#
..#..≈≈≈≈♣♣♣..'.@p.....(.#
#'#..≈≈≈≈≈≈.♣.#...######+#
..#)≈≈≈≈≈≈....#.⌠.# {
..#.≈≈≈≈≈.....#...#
..#.≈≈≈.......#'### {
###...........#)).#
..............#___# {
▓▓▓▓▓▓▓▓▓▓▓▓▓▓▓▓▓▓▓


You could see 2 humans.

Vanquished Creatures
  A water elemental (D)
  Crazy Yiuf (D)
  Jessica (D)
  A wizard (D)
  A human (D)
  A kobold demonologist (D)
  3 rats (D)
9 creatures vanquished.

Vanquished Creatures (others)
  2 draconian scorchers (D)
  6 hellions (D)
  A yaktaur (D)
  6 plants (D)
15 creatures vanquished.

Grand Total: 24 creatures vanquished

Notes
Turn   | Place    | Note
-------+----------+-------------------------------------------
     0 | D        | poirepourri the Formicid Hunter began the quest for the Orb.
     0 | D        | Reached XP level 1. HP: 16/16 MP: 1/1
    22 | D        | Noticed Jessica
    24 | D        | Killed Jessica
    24 | D        | Reached skill level 6 in Crossbows
    24 | D        | Reached XP level 2. HP: 23/23 MP: 2/2
    24 | D        | Reached XP level 3. HP: 28/28 MP: 3/3
    73 | D        | Noticed Crazy Yiuf
    80 | D        | Killed Crazy Yiuf
    80 | D        | Reached skill level 8 in Crossbows
    80 | D        | Reached XP level 4. HP: 23/34 MP: 4/4
    81 | D        | Killed a hellion
   101 | D        | Killed a hellion
   115 | D        | Killed a hellion
   116 | D        | Killed a hellion
   116 | D        | Killed a hellion
   122 | D        | Reached skill level 1 in Armour
   157 | D        | Killed a white draconian scorcher
   183 | D        | Killed a yaktaur
   183 | D        | Killed a hellion
   263 | D        | Killed a white draconian scorcher
   297 | D        | Noticed a water elemental
   302 | D        | Killed a water elemental
   302 | D        | Reached skill level 9 in Crossbows
   302 | D        | Reached XP level 5. HP: 41/41 MP: 5/5
   357 | D        | Found a radiant altar of Vehumet.
   357 | D        | Found a deep blue altar of Sif Muna.
   357 | D        | Found an ancient bone altar of Kikubaaqudgha.
   358 | D        | Reached skill level 10 in Crossbows
   418 | D        | Found a hide-covered altar of Uskayaw.
   418 | D        | Found a roughly hewn altar of Beogh.
   418 | D        | Found an iron altar of Okawaru.
   418 | D        | Found a bloodstained altar of Trog.
   418 | D        | Noticed a human
   418 | D        | Noticed a human
   429 | D        | Mangled by a human

Skill      XL: |  1  2  3  4  5 |
---------------+----------------+-----
Crossbows      | 6 8 9 10 | 10.6
Dodging        | 2 |  2.8
Armour         | 1 2 |  2.1
Fighting       | 3 |  3.8
Stealth        | |  1.2

Action                   |  1- 3 |  4- 6 || total
-------------------------+-------+-------++-------
 Fire: Hand crossbow     |    12 |    32 ||    44
  Use: Potion            |       |     1 ||     1
Armor: Leather armour    |       |     3 ||     3
Dodge: Dodged            |       |     6 ||     6
